 Dungeon Crawl Stone Soup version 0.18.1-1-g2f07953 (webtiles) character file.

35 namelastname112 the Skirmisher (level 3, -3/31 HPs)
             Began as a Draconian Abyssal Knight on May 7, 2016.
             Was a Follower of Lugonu.
             Slain by a gnoll
             ... wielding a +0 spear
              (9 damage)
             ... on level 2 of the Dungeon.
             The game lasted 00:02:31 (989 turns).

namelastname112 the Skirmisher (DrAK)                Turns: 989, Time: 00:02:32

Health: -3/31      AC:  5    Str: 14    XL:     3   Next: 17%
Magic:  5/5        EV:  7    Int: 12    God:    Lugonu [*.....]
Gold:   84         SH:  0    Dex: 11    Spells: 0 memorised, 2 levels left

rFire  . . .     SeeInvis .     a - +1 falchion
rCold  . . .     Gourm    .     (armour unavailable)
rNeg   . . .     Faith    .     (no shield)
rPois  .         Spirit   .     (helmet restricted)
rElec  .         Dismiss  .     (no cloak)
rCorr  .         Reflect  .     (no gloves)
SustAt .         Harm     .     (no boots)
MR     .....                    (no amulet)
Stlth  +.........               (no ring)
                                (no ring)

@: not resistant to hostile enchantments, very unstealthy
A: unfitting armour, cold-blooded, AC +5
a: Depart the Abyss, Renounce Religion


You were on level 2 of the Dungeon.
You worshipped Lugonu.
Lugonu was aware of your devotion.
You were hungry.

You visited 1 branch of the dungeon, and saw 2 of its levels.
You visited the Abyss 1 time.

You collected 84 gold pieces.

Inventory:

Hand Weapons
 a - a +1 falchion (weapon)
Scrolls
 d - a scroll of identify {unknown}
 e - a scroll of blinking {unknown}
 f - a scroll of magic mapping {unknown}
 h - a scroll of immolation {unknown}
 i - 3 scrolls of teleportation {unknown}
 j - 2 scrolls of remove curse {unknown}
 m - a scroll of enchant weapon {unknown}
Potions
 g - a potion of heal wounds {unknown}
 k - a potion of degeneration {unknown}
 l - 2 potions of lignification {unknown}
 n - a potion of magic {unknown}
 o - a potion of cure mutation {unknown}
Comestibles
 b - 2 bread rations
 c - 2 beef jerkies


   Skills:
 + Level 3.4 Fighting
 * Level 2.5 Long Blades
 + Level 2.4 Dodging
 * Level 2.8 Invocations


You had 2 spell levels left.
You didn't know any spells.

Dungeon Overview and Level Annotations

Branches:
Dungeon (2/15)

Altars:


Innate Abilities, Weirdness & Mutations

Your plain brown scales are hard (AC +5).
Your body does not fit into most forms of armour.
You are cold-blooded and may be slowed by cold attacks.


Message History

The gnoll is heavily wounded.
The gnoll closely misses you.
The gnoll hits you from afar with a spear.
The gnoll hits you.
You take 6 damage, and have 11/31 hp.
The gnoll throws a throwing net.
The throwing net hits you.
You become entangled in the net!
You see here a throwing net.
You try to slip out of the net.
The gnoll hits you.
You take 2 damage, and have 10/31 hp.
You slice into the net. The gnoll hits you but does no damage.
You try to slip out of the net.
The gnoll barely misses you.
Okay, then.
You slip out of the net!
The gnoll barely misses you.
You are feeling hungry.
There is an escape hatch in the ceiling here.
The gnoll hits you.
* * * LOW HITPOINT WARNING * * *
The gnoll hits you from afar with a spear!
You die...

.# ###.......#.# #.####.
.# #.#...#...#.# #.... .#
#.#.......#.#####.#.# .#
.# #.#####.#.#..........
.##.# #. #...........#..
.##.#
####.#######.#########..
.##.#
#..#...g.g..........(...
.##.#
#..#.g######.###########
.##.######..#..g@.......
.##........<....#####.###
...........###..# #..
###.............# ###
#.########.#..# #.#
#.#... #.# # #.## #.# #.
#.#


You could see 2 gnolls.

Vanquished Creatures
  2 dart slugs (D:1)
  A giant gecko (D:1)
  A ball python (D:1)
  2 giant cockroaches
  4 goblins
  6 hobgoblins
  A jackal (D:1)
  3 kobolds
  5 bats
  2 giant newts (D:1)
  3 rats
30 creatures vanquished.

Notes
Turn   | Place    | Note
--------------------------------------------------------------
     0 | Abyss:1  | namelastname112 the Draconian Abyssal Knight began the quest for the Orb.
     0 | Abyss:1  | Reached XP level 1. HP: 19/19 MP: 2/2
    75 | Abyss:1  | Noticed a quasit
    78 | D:1      | Escaped the Abyss
   306 | D:1      | Reached XP level 2. HP: 26/26 MP: 3/3
   329 | D:1      | Reached * piety under Lugonu
   750 | D:2      | Reached XP level 3. HP: 31/31 MP: 5/5
   792 | D:2      | epen: а вообще
   893 | D:2      | epen: можно ли 15 сделал за AK?
   900 | D:2      | epen: мне кажется в пане насуют
   900 | D:2      | namelastname112: пффф
   900 | D:2      | epen: оче сильно
   900 | D:2      | namelastname112: как нехуй
   900 | D:2      | namelastname112: кто насует?
   900 | D:2      | epen: ЛОМ
   900 | D:2      | namelastname112: у тебя лучшая абила для съеба в игре
   989 | D:2      | Slain by a gnoll

Action                   || total
-------------------------++-------
Melee: Falchion          ||    74
       Tailslap          ||     7
Invok: Depart the Abyss  ||     1
Armor: Skin              ||    16
Dodge: Dodged            ||    58
